 Dungeon Crawl Stone Soup version 0.31-a0-271-gb88eb75e06 (webtiles) character file.

Game seed: 2470833213330438379

6505 pokeman the Thaumaturge (level 10, 0/54 (56) HPs)
             Began as a Deep Elf Hedge Wizard on July 14, 2023.
             Was a Priest of Vehumet.
             Slain by a wight
             ... wielding a +4 halberd of freezing
              (8 damage)
             ... on level 9 of the Dungeon.
             The game lasted 00:25:34 (10417 turns).

pokeman the Thaumaturge (Deep Elf Hedge Wizard)    Turns: 10417, Time: 00:25:35

HP:   0/54 (56)     AC:  4    Str:  7    XL:     10   Next: 69%
MP:   10/30         EV: 13    Int: 24    God:    Vehumet [***...]
Gold: 712           SH:  0    Dex: 14    Spells: 18/38 levels left

rFire   . . .        t - +2 demon whip (venom)
rCold   . . .        (no shield)
rNeg    . . .        b - +0 robe
rPois   +            a - +0 helmet
rElec   .            (no cloak)
rCorr   .            m - +0 pair of gloves
SInv    .            (no boots)
Will    +....        (no amulet)
Stlth   ++           s - ring of wizardry
HPRegen 0.29/turn    x - ring of poison resistance
MPRegen 0.22/turn

%: wizardry (x1)
@: studying Shields, lightly drained
A: no striking features
a: Renounce Religion


You were on level 9 of the Dungeon.
You worshipped Vehumet.
Vehumet was most pleased with you.
You visited 2 branches of the dungeon, and saw 10 of its levels.
You also visited: Bailey.

You collected 712 gold pieces.

Inventory:

Hand Weapons
 p - a +0 arbalest
 t - a +2 demon whip of venom (weapon)
Missiles
 I - 5 throwing nets
Armour
 a - a +0 helmet (worn)
 b - a +0 robe (worn)
 m - a +0 pair of gloves (worn)
Jewellery
 s - a ring of wizardry (left hand)
 v - the ring "Reirr" {Fly rF+ Dex+3}
   (You found it on level 4 of the Dungeon)

   [ring of flight]

   Dex:       It affects your dexterity (+3).
   rF:        It protects you from fire.
   Fly:       It grants you flight.
 x - a ring of poison resistance (right hand)
 C - a +4 ring of protection
Wands
 q - a wand of digging (8)
 F - a wand of iceblast (8)
Scrolls
 e - 2 scrolls of butterflies {unknown}
 f - 3 scrolls of amnesia {unknown}
 h - 3 scrolls of teleportation {unknown}
 i - 4 scrolls of identify {unknown}
 k - 3 scrolls of noise {unknown}
 l - 2 scrolls of enchant weapon {unknown}
 n - a scroll of brand weapon {unknown}
 o - a scroll of revelation {unknown}
 w - a scroll of poison {unknown}
 y - 2 scrolls of fog {unknown}
 A - a scroll of acquirement {unknown}
 B - a scroll of fear {unknown}
 D - 2 scrolls of torment {unknown}
 H - a scroll of blinking {unknown}
Potions
 c - a potion of haste {unknown}
 d - a potion of magic
 g - 7 potions of curing {unknown}
 j - 4 potions of mutation {unknown}
 r - 2 potions of lignification {unknown}
 u - a potion of brilliance {unknown}
 z - 2 potions of might {unknown}
 E - a potion of cancellation {unknown}
 G - a potion of enlightenment {unknown}
Miscellaneous
 J - a condenser vane


   Skills:
 + Level 3.5 Fighting
 - Level 4.0 Armour
 - Level 3.1 Dodging
 - Level 3.1 Stealth
 - Level 4.0 Shields
 * Level 14.8 Spellcasting
 + Level 8.6 Conjurations
 - Level 1.1 Summonings
 - Level 1.1 Translocations
 + Level 3.6 Ice Magic
 - Level 1.1 Air Magic
 - Level 1.0 Poison Magic
 - Level 1.3 Evocations


You had 18 spell levels left.
You knew the following spells:

 Your Spells              Type           Power      Damage    Failure   Level
a - Magic Dart            Conj           100%       1d8       1%          1
b - Mephitic Cloud        Conj/Pois/Air  35%        N/A       1%          3
c - Call Imp              Summ           46%        N/A       1%          2
d - Blink                 Tloc           46%        N/A       1%          2
e - Iskenderun's Mystic   Conj/Tloc      41%        2d9       1%          4
f - Swiftness             Air            23%        N/A       2%          3
g - Freezing Cloud        Conj/Ice/Air   19%        6-21      1%          5

Your spell library contained the following spells:

 Spells                   Type           Power      Damage    Failure   Level
 Inner Flame              Hex/Fire       17%        N/A       1%          3
 Slow                     Hex            68%        N/A       1%          1
 Cigotuvi's Dreadful Rot  Necr/Pois/Air  42%        N/A       1%          2
 Ensorcelled Hibernation  Hex/Ice        52%        N/A       1%          2
 Passwall                 Tmut/Erth      14%        N/A       1%          2
 Poisonous Vapours        Pois/Air       44%        N/A       1%          2
 Sublimation of Blood     Necr           17%        N/A       1%          2
 Wereblood                Tmut           17%        N/A       1%          2
 Volatile Blastmotes      Fire/Tloc      40%        2d13      1%          3
 Fulminant Prism          Conj/Hex       19%        3d11      1%          4
 Summon Hydra             Summ           11%        N/A       99%         7


Dungeon Overview and Level Annotations

Branches:
Dungeon (9/15)             Temple (1/1) D:5            Lair (0/5) D:9
 Bailey (visited)
    Orc: D:9-12

Altars:
Ashenzari
Dithmenos
Fedhas
Gozag
Kikubaaqudgha
Makhleb
Nemelex Xobeh
Okawaru
Qazlal
Ru
Sif Muna
Trog
Uskayaw
Vehumet
Wu Jian
Yredelemnul
Zin


Message History

The mystic blast hits the water moccasin!
You kill the water moccasin!
Vehumet accepts your kill.
You feel your power returning.
A gnoll bouda comes into view. It is wielding a +0 whip.
Unknown command.
The yak is engulfed in noxious fumes.
The yak gores the gnoll bouda but does no damage.
The yak gores itself!
The yak is killed!
Vehumet accepts your kill.
You feel your power returning.
Casting: Iskenderun's Mystic Blast (dangerous; 1% risk of failure)
Confirm with . or Enter, or press ? or * to list all spells.
Aiming: Mephitic Cloud (safe; 1% risk of failure)
Press: ? - help, Shift-Dir - straight line, f - gnoll bouda
Aim: a gnoll bouda, wielding a +0 whip and wearing a +0 robe (chance to affect: 86%)
The ball explodes into a vile cloud!
The stinking cloud engulfs the gnoll bouda but does no damage.
The stinking cloud engulfs you but does no damage.
You hear a shout!
A wight comes into view.
It is wielding a +4 halberd of freezing.
The gnoll bouda is engulfed in noxious fumes.
The gnoll bouda appears confused.
Unknown command.
Unknown command.
You whack the gnoll bouda!
The gnoll bouda is moderately wounded.
The wight hits you from afar with a +4 halberd of freezing!
* * * LOW HITPOINT WARNING * * *
You feel drained.
* * * LOW HITPOINT WARNING * * *
The wight freezes you.
* * * LOW HITPOINT WARNING * * *
The gnoll bouda is engulfed in noxious fumes.
The gnoll bouda appears confused.
The gnoll bouda hits you with a +0 whip.
* * * LOW HITPOINT WARNING * * *
The wight hits you from afar with a +4 halberd of freezing!
You die...

....# ....# ....# # #
....# ##. .## ....##
##... ...# ..#..#
#.....#####.....
.###.# #...z)†:..# ##
#.####.....##g##.....
#....##...###@# ..#
####..#####...# #
##.......###
#########


You could see a gnoll bouda (confused) and a wight.

Vanquished Creatures
  A yak (D:9)
  2 wyverns (D:9)
  Menkaure (D:7)
  2 water moccasins
  Duvessa (D:4)
  A sky beast (D:6)
  3 ice beasts
  A black bear (D:4)
  3 orc warriors (D:9)
  2 ogres
  4 wolves (Bailey)
  3 centaurs (D:9)
  A phantom (D:6)
  2 kobold brigands
  2 bullfrogs (D:7)
  7 gnoll sergeants
  3 scorpions
  9 wights (D:8)
  A water moccasin zombie (D:6)
  Dowan (D:4)
  13 killer bees
  3 howler monkeys (D:7)
  A centaur zombie (D:6)
  A jelly (D:6)
  3 orc priests
  8 gnoll boudas
  9 hounds
  A sleepcap (D:4)
  Jessica (D:2)
  11 orc wizards
  Robin (D:3)
  20 gnolls
  6 adders
  4 ufetubi
  3 dart slugs
  37 orcs
  9 ball pythons
  6 bats
  An endoplasm (D:1)
  A giant cockroach (D:2)
  12 goblins
  9 hobgoblins
  12 kobolds
  2 frilled lizards
  7 rats
231 creatures vanquished.

Vanquished Creatures (collateral kills)
  A two-headed ogre (D:5)
  A hound (D:7)
  An orc wizard (D:9)
3 creatures vanquished.

Grand Total: 234 creatures vanquished

Notes
Turn   | Place    | Note
-------+----------+-------------------------------------------
     0 | D:1      | pokeman the Deep Elf Hedge Wizard began the quest for the
                  | Orb.
     0 | D:1      | Reached XP level 1. HP: 10/10 MP: 7/7
   240 | D:1      | Reached XP level 2. HP: 16/16 MP: 6/9
   866 | D:2      | Noticed Jessica
   870 | D:2      | Killed Jessica
   871 | D:2      | Reached skill level 5 in Spellcasting
   871 | D:2      | Reached XP level 3. HP: 20/20 MP: 5/11
   875 | D:2      | Learned a level 3 spell: Mephitic Cloud
   878 | D:2      | Learned a level 2 spell: Call Imp
   881 | D:2      | Learned a level 2 spell: Blink
   985 | D:2      | Reached skill level 1 in Fighting
   986 | D:2      | Reached skill level 1 in Armour
  1514 | D:2      | Reached XP level 4. HP: 25/25 MP: 4/13
  2263 | D:3      | Reached skill level 6 in Spellcasting
  2263 | D:3      | Reached XP level 5. HP: 29/29 MP: 8/15
  2439 | D:3      | Noticed Robin
  2443 | D:3      | Killed Robin
  2762 | D:4      | Noticed an ogre
  2768 | D:3      | Reached skill level 1 in Poison Magic
  2853 | D:4      | Reached skill level 1 in Air Magic
  2896 | D:4      | Noticed Duvessa
  2904 | D:4      | Reached XP level 6. HP: 24/34 MP: 8/17
  2904 | D:4      | Noticed Dowan
  2914 | D:4      | Killed Duvessa
  2915 | D:4      | Reached skill level 7 in Spellcasting
  2915 | D:4      | Reached skill level 1 in Evocations
  2919 | D:4      | Killed Dowan
  3133 | D:4      | Reached XP level 7. HP: 24/39 MP: 11/20
  3320 | D:4      | Reached skill level 8 in Spellcasting
  3426 | D:4      | Identified the ring "Reirr" {Fly rF+ Dex+3}
  3662 | D:4      | Learned a level 4 spell: Iskenderun's Mystic Blast
  3959 | D:4      | Found a glowing silver altar of Zin.
  3959 | D:4      | Noticed an angel
  4089 | D:5      | Entered Level 5 of the Dungeon
  4089 | D:5      | Noticed a two-headed ogre
  4341 | D:5      | Reached skill level 9 in Spellcasting
  4651 | D:5      | Reached skill level 1 in Shields
  4651 | D:5      | Reached XP level 8. HP: 5/44 MP: 5/23
  4826 | D:5      | Killed a two-headed ogre
  4827 | D:5      | Reached skill level 10 in Spellcasting
  4827 | D:5      | Reached skill level 5 in Conjurations
  5203 | D:5      | Reached skill level 11 in Spellcasting
  5412 | D:5      | Found a staircase to the Ecumenical Temple.
  5418 | Temple   | Entered the Ecumenical Temple
  5483 | Temple   | Became a worshipper of Vehumet
  6007 | D:6      | Reached XP level 9. HP: 46/48 MP: 23/26
  6228 | D:6      | Found a basalt altar of Yredelemnul.
  6408 | D:6      | Found an iron altar of Okawaru.
  6659 | D:6      | Found an opulent altar of Gozag.
  6659 | D:6      | Found a bloodstained altar of Trog.
  6736 | D:6      | Found a stormy altar of Qazlal.
  6867 | D:7      | Reached * piety under Vehumet
  6867 | D:7      | Offered knowledge of Shock by Vehumet.
  6877 | D:7      | Reached skill level 12 in Spellcasting
  6889 | D:7      | Noticed Menkaure
  7600 | D:7      | Found an ornate altar of the Wu Jian Council.
  7748 | D:7      | Killed Menkaure
  7876 | D:7      | Learned a level 3 spell: Swiftness
  8575 | D:8      | Reached skill level 13 in Spellcasting
  8590 | D:8      | Found a shadowy altar of Dithmenos.
  8926 | D:8      | Found a burning altar of Makhleb.
  9052 | D:8      | Reached ** piety under Vehumet
  9319 | D:9      | Found a staircase to the Lair.
  9341 | D:9      | Learned a level 5 spell: Freezing Cloud
  9388 | D:9      | Found a hide-covered altar of Uskayaw.
  9415 | D:9      | Offered knowledge of Static Discharge by Vehumet.
  9416 | D:9      | Reached XP level 10. HP: 33/53 MP: 25/29
  9472 | D:9      | Reached skill level 1 in Ice Magic
  9602 | D:9      | Found a flagged portal.
  9607 | D:9      | Offered knowledge of Ignite Poison by Vehumet.
  9623 | D:9      | Reached skill level 14 in Spellcasting
  9628 | Bailey   | Entered a bailey
  9638 | Bailey   | Reached *** piety under Vehumet
  9846 | Bailey   | Offered knowledge of Inner Flame by Vehumet.
 10087 | Bailey   | Identified the +5 scale mail "Pygg" {Rampage}
 10417 | D:9      | Slain by a wight

Illustrated notes

Levels and vault maps discovered:
D:1:      minmay_arrival_stone_box, layout_loops_cross
D:2:      layout_basic, serial_corexii_hall, chequers_hall_statues_wall_a,
          corexii_hall_statues_u, corexii_hall_statues_i, uniq_jessica
D:3:      layout_basic, cheibrodos_gnoll_hut, uniq_robin
D:4:      layout_loops_ring, zin_angel, grunt_ministairs_7,
          minmay_manual_macuahuitl, uniq_duvessa
D:5:      layout_basic, minmay_temple_entry_fiery, amethyst_killhole
D:6:      nicolae_cairo_tiling_large_dashed, layout_cave_pools,
          mainiacjoe_overflow_24_doors, nicolae_qazlal_beasts_of_the_sky,
          lemuel_zombie_altar_yredelemnul, mainiacjoe_overflow_divided_tiny,
          nicolae_elevator_lobby_asterisk
D:7:      layout_basic, lemuel_doored_altar, chequers_serial_rivers_small_3,
          uniq_menkaure
D:8:      layout_loops_ring, mainiacjoe_overflow_alcove_1,
          mainiacjoe_overflow_tiny_flanked
D:9:      minmay_octagon_keep, layout_basic, lemuel_coloured_pillars_altar,
          mainiacjoe_overflow_chevrons, dpeg_oklobed_lair, enter_bailey_2,
          minmay_orc_keep
Temple:   hellmonk_temple_beads

Skill      XL: |  1  2  3  4  5  6  7  8  9 10 |
---------------+-------------------------------+-----
Spellcasting   | 5 6 7 9 11 13 14 | 14.8
Fighting       | 1 2 3 |  3.5
Armour         | 1 2 4 |  4.0
Conjurations   | 2 3 4 6 7 8 |  8.6
Dodging        | 3 |  3.1
Stealth        | 3 |  3.1
Poison Magic   | 1 |  1.0
Air Magic      | 1 |  1.1
Evocations     | 1 |  1.3
Shields        | 1 4 |  4.0
Ice Magic      | 3 |  3.6
Summonings     | |  1.1
Translocations | |  1.1

Action                     |  1- 3 |  4- 6 |  7- 9 | 10-12 || total
---------------------------+-------+-------+-------+-------++-------
  Melee: Demon whip        |       |     9 |    86 |   111 ||   206
         Punch             |       |       |     2 |     2 ||     4
   Fire: Arbalest          |       |    76 |       |       ||    76
   Cast: Magic Dart        |    60 |    23 |   158 |    13 ||   254
         Mephitic Cloud    |       |     9 |    26 |    37 ||    72
         Call Imp          |       |     1 |     3 |       ||     4
         Iskenderun's Myst |       |       |    57 |    12 ||    69
         Blink             |       |       |     2 |       ||     2
   Stab: Confused          |       |       |     6 |    15 ||    21
 Armour: Robe              |       |    17 |    27 |     6 ||    50
  Dodge: Dodged            |     3 |    41 |    81 |    72 ||   197

Table legend: (Time is in decaauts)
 A = Elapsed time spent in this place.
 B = Non-inter-level travel time spent in this place.
 C = Inter-level travel time spent in this place.
 D = Time resting spent in this place.
 E = Time spent auto-exploring this place.
 F = Levels seen in this place.
 G = Mean time per level.
                   A        B        C        D        E       F      G
               +--------+--------+--------+--------+--------+-----+--------+
         Total |  10505 |  10046 |    459 |    649 |   7752 |  11 |  955.0 |
       Dungeon |   9652 |   9246 |    406 |    437 |   7414 |   9 | 1072.4 |
        Temple |    119 |     66 |     53 |      0 |     55 |   1 |  119.0 |
        Bailey |    733 |    733 |      0 |    212 |    283 |   1 |  733.0 |
               +--------+--------+--------+--------+--------+-----+--------+

Top non-repeatable levels by time:
     D:5: 1488 daAuts
     D:4: 1391 daAuts
     D:6: 1334 daAuts
     D:7: 1320 daAuts
     D:2: 1253 daAuts
     D:8: 900 daAuts
     D:1: 829 daAuts
     D:3: 764 daAuts
  Bailey: 733 daAuts
     D:9: 369 daAuts
  Temple: 119 daAuts
